 Dungeon Crawl Stone Soup version 0.17-a0-1946-gfb768fe (webtiles) character file.

1301 ololoev the Chiller (level 8, -1/41 HPs)
             Began as a Kobold Ice Elementalist on Oct 1, 2015.
             Was a Follower of Vehumet.
             Slain by Wosycauf the merfolk
             ... wielding a +3 trident of pain
             ... created by the player character
              (18 damage)
             ... on level 7 of the Dungeon.
             The game lasted 00:36:36 (7625 turns).

ololoev the Chiller (Kobold Ice Elementalist)       Turns: 7625, Time: 00:36:37

Health: -1/41      AC:  5    Str:  6    XL:     8   Next: 87%
Magic:  14/14      EV: 17    Int: 15    God:    Vehumet [*.....]
Gold:   256        SH:  0    Dex: 17    Spells: 2 memorised, 10 levels left

rFire  . . .     SeeInvis .     a - +1 short sword (speed)
rCold  . . .     Clarity  .     d - +0 robe
rNeg   . . .     SustAt   .     (shield restricted)
rPois  .         Gourm    .     p - +0 helmet
rElec  .         Spirit   .     C - +1 cloak {MR+}
rCorr  +         Warding  .     (no gloves)
rMut   .         Stasis   .     (no boots)
MR     +....                    w - amulet of resist corrosion
Stlth  +++.......               (no ring)
                                t - ring of stealth

@: very slightly contaminated, somewhat resistant to hostile enchantments,
fairly stealthy
A: carnivore 3, spit poison 1
a: Spit Poison, Renounce Religion


Innate Abilities, Weirdness & Mutations

You are small and have problems with some larger weapons.
You are carnivorous and can eat meat at any time.
You can spit weak poison.

Inventory:

Hand weapons
 a - a +1 short sword of speed (weapon)
 b - a +0 blowgun
 r - a +0 dagger of venom
Missiles
 v - 2 poisoned needles
Armour
 d - a +0 robe (worn)
 p - a +0 helmet (worn)
 C - a +1 cloak of magic resistance (worn)
Jewellery
 t - a ring of stealth (left hand)
 w - an amulet of resist corrosion (around neck)
Scrolls
 e - 4 scrolls of recharging
 f - a scroll of magic mapping
 q - a scroll of fog
 u - a scroll of remove curse
 y - a scroll of random uselessness
 z - a scroll of enchant armour {unknown}
Potions
 g - a potion of cancellation
 i - a potion of haste {unknown}
 j - 6 potions of curing
 k - a potion of heal wounds {unknown}
 l - a potion of agility
 o - 2 potions of ambrosia
 B - a potion of cure mutation {unknown}
Books
 m - a book of Frost

   Spells                             Type                      Level
   a - Freeze                         Ice                          1
   b - Throw Frost                    Conjuration/Ice              2
   c - Ozocubu's Armour               Charms/Ice                   3
   d - Throw Icicle                   Conjuration/Ice              4
   e - Summon Ice Beast               Ice/Summoning                4
   f - Condensation Shield            Ice                          4
 x - a book of Battle

   Spells                             Type                      Level
   a - Infusion                       Charms                       1
   b - Shroud of Golubria             Charms/Translocation         2
   c - Song of Slaying                Charms                       2
   d - Spectral Weapon                Hexes/Charms                 3
   e - Regeneration                   Charms/Necromancy            3
Comestibles
 c - 6 meat rations
 h - a beef jerky


   Skills:
 - Level 4.2 Throwing
 - Level 4.5 Dodging
 - Level 2.6 Stealth
 + Level 4.0 Spellcasting
 * Level 4.8 Conjurations
 * Level 6.6 Ice Magic


You had 10 spell levels left.
You knew the following spells:

 Your Spells              Type           Power        Failure   Level  Hunger
a - Freeze                Ice            ###.         1%          1    None
b - Throw Icicle          Conj/Ice       ###.....     21%         4    ####...


You were on level 7 of the Dungeon.
You worshipped Vehumet.
Vehumet was aware of your devotion.
You were very full.

You visited 2 branches of the dungeon, and saw 9 of its levels.

You collected 256 gold pieces.

..#............####......#
#####.
....#.......#......#....## ##.
#.....#.....#####.Y..#### #..
.......b.....##.m......# ##.
...................b...# ##
...........#...##....###
...[...........m..#######
###....##..#.....##.....#######
.##..).........#@.#.#.#.#.....##
..................'.._..'......#
...............<..#.#.#.#.....##
.....#.......####.#.....#######
#.##..........############
#.##............##.......####
..##............##..........#
.###........................#
.####............#..........#

Notes
Turn   | Place    | Note
--------------------------------------------------------------
     0 | D:1      | ololoev the Kobold Ice Elementalist began the quest for the Orb.
     0 | D:1      | Reached XP level 1. HP: 10/10 MP: 3/3
   197 | D:1      | Reached XP level 2. HP: 9/15 MP: 0/5
  1040 | D:1      | Reached XP level 3. HP: 19/19 MP: 4/6
  1595 | D:2      | Found a stormy altar of Qazlal.
  1595 | D:2      | Found a basalt altar of Yredelemnul.
  1767 | D:2      | Noticed Terence
  2063 | D:2      | Reached XP level 4. HP: 24/24 MP: 0/7
  2135 | D:2      | Learned a level 4 spell: Throw Icicle
  2146 | D:2      | Reached skill level 1 in Conjurations
  2173 | D:2      | Reached skill level 4 in Ice Magic
  2568 | D:2      | Killed Terence
  2568 | D:2      | Reached XP level 5. HP: 28/28 MP: 5/9
  2690 | D:2      | Reached skill level 1 in Throwing
  3282 | D:3      | Reached XP level 6. HP: 32/32 MP: 7/10
  4110 | D:4      | Found a staircase to the Ecumenical Temple.
  4116 | Temple   | Entered the Ecumenical Temple
  4136 | Temple   | Became a worshipper of Vehumet
  4484 | D:4      | Found an ancient bone altar of Kikubaaqudgha.
  4515 | D:4      | Noticed an angel
  4516 | D:4      | Found a glowing silver altar of Zin.
  4629 | D:4      | Reached XP level 7. HP: 36/36 MP: 11/11
  4694 | D:5      | Entered Level 5 of the Dungeon
  4719 | D:5      | Reached skill level 5 in Ice Magic
  5353 | D:6      | Reached XP level 8. HP: 28/41 MP: 11/13
  6225 | D:7      | Acquired Vehumet's first power
  6225 | D:7      | Offered knowledge of Magic Dart by Vehumet.
  6225 | D:7      | Reached skill level 6 in Ice Magic
  6369 | D:7      | Found a shattered altar of Ashenzari.
  6678 | D:7      | Found a white marble altar of Elyvilon.
  6721 | D:7      | Found a blossoming altar of Fedhas.
  6848 | D:7      | Found an iron altar of Okawaru.
  6991 | D:7      | Found a sparkling altar of Nemelex Xobeh.
  7074 | D:7      | Noticed Crazy Yiuf
  7078 | D:7      | Killed Crazy Yiuf
  7233 | D:8      | Noticed esc's ghost (experienced OpTm)
  7448 | D:8      | Gained mutation: You can spit weak poison. [helix card]
  7449 | D:8      | Drew Focus: Dex increased to 17, Str decreased to 6
  7520 | D:8      | Found a shadowy altar of Dithmenos.
  7596 | D:8      | Noticed Wosycauf
  7625 | D:7      | Slain by Wosycauf the merfolk

Dungeon Overview and Level Annotations

Branches:
Dungeon (8/15)             Temple (1/1) D:4
   Lair: D:8-11

Altars:
Ashenzari
Cheibriados
Dithmenos
Elyvilon
Fedhas
Gozag
Kikubaaqudgha
Makhleb
Nemelex Xobeh
Okawaru
Qazlal
Ru
Vehumet
Xom
Yredelemnul
Zin
The Shining One

Annotations:
D:8 esc's ghost, experienced OpTm


Message History

There is a stone staircase leading up here.
You climb upwards.
There is a stone staircase leading down here.
Things that are here:
a leather armour; a club; a short sword
There is a stone staircase leading down here.
You climb downwards.
Level annotation: esc's ghost, experienced OpTm
Found a robe.
There is a stone staircase leading up here.
Evoke which item? (* to show all) (? for menu, Esc to quit)
You draw a card...
It is the Mercenary.
The deck of cards disappears without a trace.
You cannot afford Wosycauf's fee of 316 gold!
Wosycauf attacks!
Wosycauf the merfolk comes into view. It is wielding a trident of pain.
Wosycauf hits you with a trident of pain!
You writhe in agony.
You climb upwards.
There is a stone staircase leading down here.
Read which item? (? for menu, Esc to quit)
As you read the scroll labeled HEULITHRIONG, it crumbles to dust.
You hear the tinkle of a tiny bell.
It was a scroll of random uselessness.
You swap places.
Wosycauf barely misses you.
An ice beast comes into view.
The ice beast hits you. The ice beast freezes you.
Wosycauf hits your butterfly with a trident of pain!!
Your butterfly dies!
Read which item? (? for menu, Esc to quit)
Blink to where?
Press: ? - help, Dir - move target cursor You are very lightly contaminated with residual magic.
As you read the scroll labeled YRHOCLUALU, it crumbles to dust.
It was a scroll of blinking.
The ice beast completely misses your butterfly.
The ice beast completely misses your butterfly.
The ice beast closely misses your butterfly.
Wosycauf hits you from afar with a trident of pain!!
You die...

You could see Wosycauf the merfolk and an ice beast.

Vanquished Creatures
  A water moccasin (D:6)
  2 sky beasts
  An ogre (D:5)
  A big kobold (D:7)
  A giant frog (D:7)
  A scorpion (D:4)
  2 crimson imps (D:7)
  A hound (D:4)
  Crazy Yiuf (D:7)
  A centaur skeleton (D:7)
  3 orc wizards
  2 iguanas (D:7)
  3 worker ants
  Terence (D:2)
  14 gnolls
  7 adders
  A shadow imp (D:6)
  An ooze (D:3)
  6 worms
  An adder skeleton (D:7)
  13 orcs
  8 giant cockroaches
  6 hobgoblins
  3 jackals (D:1)
  3 ball pythons
  9 bats
  A giant cockroach zombie (D:5)
  7 giant geckos
  A giant gecko zombie (D:7)
  3 giant newts
  11 goblins
  A jackal skeleton (D:8)
  20 kobolds
  4 quokkas
  A quokka skeleton (D:6)
  9 rats
151 creatures vanquished.

Action                   |  1- 3 |  4- 6 |  7- 9 || total
-------------------------+-------+-------+-------++-------
Melee: Dagger            |    41 |    12 |    19 ||    72
       Short sword       |       |       |    36 ||    36
 Fire: Blowgun           |       |   100 |    48 ||   148
Throw: Throwing net      |       |       |     2 ||     2
 Cast: Freeze            |    62 |    57 |    52 ||   171
       Throw Icicle      |       |       |    20 ||    20
Evoke: Deck              |       |       |     5 ||     5
  Use: Scroll            |     2 |       |    13 ||    15
       Potion            |       |       |     1 ||     1
 Stab: Sleeping          |     4 |    29 |    11 ||    44
       Distracted        |       |     2 |       ||     2
       Held in net/web   |       |       |     1 ||     1
  Eat: Chunk             |     4 |    17 |    13 ||    34

Vault maps used:
D:1:      roderic_dead_forest, st_stairs_14, minmay_misc_feat_four_crosses
D:2:      minitemple, uniq_terence
D:3:      first_bread
D:4:      zin_angel, kennysheep_mini_moat, minmay_temple_entry_grid,
          minmay_misc_feat_chi
D:5:      lightli_temple_of_fire, uniq_pikel
D:6:      portal_sewer_entry_b, uniq_duvessa
D:7:      nicolae_ashenzari_panopticon, kennysheep_little_box, okawaru_trees_1,
          nemelex_deck, basic_altar, uniq_crazy_yiuf_cottage
D:8:      nicolae_overflow_hidden_temple, grunt_dithmenos_smoke
Temple:   minmay_temple_bridge_a_8
